 Dungeon Crawl Stone Soup version 0.31-a0-1178-gc5c9b8f871 (webtiles) character file.

Game seed: 3345476298784398310

11777 grandjackal the Timeless (level 11, -1/93 HPs)
             Began as a Demonspawn Gladiator on Dec 11, 2023.
             Was a High Priest of Cheibriados.
             Killed from afar by Jorgrun (51 damage)
             ... with an iron shot
             ... on level 12 of the Dungeon.
             The game lasted 00:12:28 (11830 turns).

grandjackal the Timeless (Demonspawn Gladiator)    Turns: 11830, Time: 00:12:30

Health: -1/93      AC: 14    Str: 30    XL:     11   Next: 53%
Magic:  20/20      EV: 15    Int: 22    God:    Cheibriados [*****.]
Gold:   640        SH:  5    Dex: 26    Spells: 10/10 levels left

rFire   . .          .
                       - Unarmed
rCold   . . .        (no shield)
rNeg    + . .        l - +0 acid dragon scales
rPois   .            c - +0 helmet
rElec   .            q - +0 cloak
rCorr   +            j - +0 pair of gloves
SInv    .            h - +0 pair of boots
Will    .....        m - amulet of reflection
Stlth   ++           r - ring of positive energy
HPRegen 0.35/turn    K - +4 ring of protection
MPRegen 0.17/turn

%: reflection
@: mighty, very slow
A: claws 2, demonic guardian 2, powered by pain 1, sturdy frame 2
a: Renounce Religion, Bend Time, Temporal Distortion, Slouch, Step From Time


You were on level 12 of the Dungeon.
You worshipped Cheibriados.
Cheibriados was extremely pleased with you.
You visited 1 branch of the dungeon, and saw 12 of its levels.

You collected 640 gold pieces.

Inventory:

Hand Weapons
 a - a +0 war axe
 z - a +0 scythe
Missiles
 d - 2 throwing nets (quivered)
 e - 7 javelins
Armour
 c - a +0 helmet (worn)
 h - a +0 pair of boots (worn)
 j - a +0 pair of gloves (worn)
 l - +0 acid dragon scales (worn)
 q - a +0 cloak (worn)
Jewellery
 m - an amulet of reflection (around neck)
 r - a ring of positive energy (left hand)
 x - a ring of positive energy
 A - an amulet of regeneration
 K - a +4 ring of protection (right hand)
Wands
 w - a wand of flame (32)
 L - a wand of acid (5)
Scrolls
 f - 2 scrolls of fear {unknown}
 k - a scroll of brand weapon {unknown}
 n - 6 scrolls of teleportation {unknown}
 o - a scroll of noise {unknown}
 p - 3 scrolls of enchant armour {unknown}
 s - 3 scrolls of blinking {unknown}
 t - 2 scrolls of enchant weapon {unknown}
 u - a scroll of summoning {unknown}
 y - a scroll of amnesia
 C - 3 scrolls of revelation {unknown}
 E - a scroll of vulnerability
 F - 2 scrolls of silence
 G - 2 scrolls of immolation
 I - 2 scrolls of poison {unknown}
Potions
 b - 3 potions of mutation
 g - 3 potions of resistance
 i - 2 potions of curing
 v - 2 potions of lignification
 B - 2 potions of heal wounds
 D - a potion of enlightenment
 H - 2 potions of magic
 J - a potion of berserk rage
 M - a potion of might


   Skills:
 + Level 11.0 Fighting
 - Level 4.7 Axes
 - Level 2.0 Throwing
 - Level 4.4 Dodging
 + Level 9.0 Unarmed Combat
 + Level 12.8 Invocations


You had 10 spell levels left.
You didn't know any spells.
Your spell library contained the following spells:

 Spells                   Type           Power      Damage    Failure   Level
 Kiss of Death            Conj/Necr      0%         2d5       17%         1
 Sublimation of Blood     Necr           0%         N/A       26%         2
 Confusing Touch          Hex            0%         N/A       45%         3
 Hailstorm                Conj/Ice       0%         3d5       45%         3
 Ignite Poison            Fire/Tmut/Pois 0%         N/A       45%         3
 Ozocubu's Armour         Ice            0%         N/A       45%         3
 Animate Dead             Necr           0%         N/A       86%         4
 Dispel Undead            Necr           0%         3d6       86%         4
 Petrify                  Tmut/Erth      0%         N/A       86%         4
 Sticky Flame             Conj/Fire      0%         2d3       86%         4
 Borgnjor's Vile Clutch   Necr/Erth      0%         N/A       99%         5
 Irradiate                Conj/Tmut      0%         3d11      99%         5
 Metabolic Englaciation   Hex/Ice        0%         N/A       99%         5
 Conjure Ball Lightning   Conj/Air       0%         3x3d6     100%        6
 Death Channel            Necr           0%         N/A       100%        6
 Simulacrum               Ice/Necr       0%         N/A       100%        6


Dungeon Overview and Level Annotations

Branches:
Dungeon (12/15)            Temple (0/1) D:5            Lair (0/5) D:11
    Orc (0/2) D:11

Altars:
Cheibriados
Fedhas
Gozag
Hepliaklqana
Trog
Uskayaw
Xom
Yredelemnul

Shops:
D:11 (

Annotations:
D:12 Jorgrun


Innate Abilities, Weirdness & Mutations

You have very sharp fingernails.
A demonic guardian rushes to your aid.
You sometimes gain a little power by taking damage.
Your movements are less encumbered by armour. (ER -4)


Message History

There is an open door here.
There is a stone staircase leading down here.
An acid dragon comes into view.
An acid dragon is nearby!
The acid dragon roars!
You punch the acid dragon!
The acid dragon is heavily wounded.
You punch the acid dragon! You punch the acid dragon.
You kill the acid dragon!
Cheibriados appreciates the change of pace.
The acid dragon scales are intact enough to wear.
Your Unarmed Combat skill increases to level 9!
No target in view!
Unknown command.
No target in view!
Things that are here:
+0 acid dragon scales; an acid dragon corpse Jorgrun Earthshaker comes into view.
He is wielding a +0 heavy quarterstaff.
Found an encrusted emerald ring.
Jorgrun shouts!
Jorgrun points at the rock wall and mumbles some strange words.
You hear a grinding noise.
Jorgrun moves out of view.
Jorgrun casts a spell next to you.
The wall shatters!
The blast of rock fragments hits you!!
You focus on the pain.
You feel very mighty all of a sudden.
Jorgrun is nearby!
Okay, then.
Jorgrun casts a spell at you.
Roots burst forth from the earth!
The grasping roots grab you! The grasping roots constrict you!
You escape the roots grasp.
Jorgrun gestures next to you while chanting.
The wall shatters!
The blast of rock fragments hits you!
Jorgrun points at you and mumbles some strange words.
The iron shot hits you!!!
Ouch! That really hurt!
You die...

###.##.# #.#
#.# #.# ###.#
.# # ##.# ..#.#
.####.[# ....#
#......# ...##
#.###..# ...##
#.# #..# ....#
###.####.###..#
..#.#
#....g@...=#..#
### #
#.##########..#
...# #..# .##
... ... ... ...


You could see Jorgrun.

Vanquished Creatures
  Josephine (D:12)
  A two-headed ogre (D:10)
  A cyclops (D:12)
  An elephant (D:11)
  An unseen horror (D:11)
  2 trolls
  A hornet (D:9)
  A shadow (D:12)
  2 wyverns
  A water elemental (D:11)
  A wraith (D:11)
  3 yaks (D:10)
  4 vampire mosquitoes (D:11)
  A steam dragon (D:10)
  Menkaure (D:6)
  2 acid dragons (D:12)
  3 water moccasins
  3 ice beasts
  5 black bears
  An ogre (D:6)
  5 orc warriors
  A centaur (D:11)
  3 phantoms
  2 kobold brigands
  3 bullfrogs
  2 gnoll sergeants (D:9)
  A scorpion (D:6)
  2 wights (D:6)
  6 killer bees
  6 howler monkeys (D:7)
  2 jellies
  6 orc priests
  6 hounds
  2 sleepcaps
  3 iguanas
  7 orc wizards
  9 gnolls (D:9)
  10 adders
  4 white imps
  2 ufetubi (D:6)
  2 worms
  3 dart slugs
  35 orcs
  5 bats
  9 endoplasms
  A giant cockroach (D:2)
  8 goblins
  4 hobgoblins
  3 jackals (D:4)
  A quokka (D:1)
  5 ball pythons
  A frilled lizard (D:1)
  17 kobolds
  5 rats
217 creatures vanquished.

Vanquished Creatures (collateral kills)
  A gargoyle (D:12)
  2 hornets
  Sigmund (D:3)
  A shadow (D:12)
  A vampire (D:11)
  3 wraiths (D:12)
  A steam dragon (D:6)
  An acid dragon (D:10)
  An orc warrior (D:11)
  A black bear (D:6)
  2 centaurs
  A scorpion (D:5)
  7 wights
  3 killer bees (D:7)
  An iguana (D:4)
  3 orcs (D:11)
30 creatures vanquished.

Vanquished Creatures (others)
  An adder (D:6)
1 creature vanquished.

Grand Total: 248 creatures vanquished

Notes
Turn   | Place    | Note
-------+----------+-------------------------------------------
     0 | D:1      | grandjackal the Demonspawn Gladiator began the quest for
                  | the Orb.
     0 | D:1      | Reached XP level 1. HP: 16/16 MP: 1/1
   133 | D:1      | Gained mutation: A weak demonic guardian rushes to your
                  | aid. [demonic ancestry]
   133 | D:1      | Reached XP level 2. HP: 22/22 MP: 2/2
   811 | D:2      | Gained mutation: A demonic guardian rushes to your aid.
                  | [demonic ancestry]
   811 | D:2      | Reached XP level 3. HP: 28/28 MP: 3/3
  1463 | D:3      | Found an opulent altar of Gozag.
  1558 | D:3      | Gained mutation: Your movements are slightly less
                  | encumbered by armour. (ER -2) [demonic ancestry]
  1558 | D:3      | Reached XP level 4. HP: 32/34 MP: 4/4
  1585 | D:3      | Found a faded altar of an unknown god.
  1585 | D:3      | Noticed a hellwing
  1738 | D:3      | Found a basalt altar of Yredelemnul.
  1914 | D:3      | Noticed Sigmund
  2076 | D:3      | Killed Sigmund
  2077 | D:3      | Gained mutation: You sometimes gain a little power by
                  | taking damage. [demonic ancestry]
  2077 | D:3      | Reached XP level 5. HP: 24/42 MP: 5/5
  2212 | D:4      | Got the Elucidation of Pestilence and Bruises
  2337 | D:4      | Reached XP level 6. HP: 43/48 MP: 6/6
  2533 | D:4      | Found a snail-covered altar of Cheibriados.
  2666 | D:4      | Became a worshipper of Cheibriados the Contemplative
  2743 | D:4      | Reached skill level 1 in Invocations
  3048 | D:5      | Entered Level 5 of the Dungeon
  3048 | D:5      | Found a bloodstained altar of Trog.
  3055 | D:5      | Gained mutation: You have sharp fingernails. [demonic
                  | ancestry]
  3055 | D:5      | Reached XP level 7. HP: 55/55 MP: 8/8
  3112 | D:5      | Reached * piety under Cheibriados
  3113 | D:5      | Reached skill level 2 in Invocations
  3144 | D:5      | Reached skill level 5 in Fighting
  3144 | D:5      | Reached skill level 1 in Unarmed Combat
  3144 | D:5      | Reached skill level 3 in Invocations
  3236 | D:5      | Found a staircase to the Ecumenical Temple.
  3597 | D:5      | Noticed a hornet
  3600 | D:5      | Paralysed by a hornet for 1 turns
  3607 | D:5      | Killed a hornet
  3608 | D:5      | Reached skill level 4 in Invocations
  3608 | D:5      | Gained mutation: Your movements are less encumbered by
                  | armour. (ER -4) [demonic ancestry]
  3608 | D:5      | Reached XP level 8. HP: 16/64 MP: 9/11
  3921 | D:5      | Found a hazy altar of Hepliaklqana.
  4049 | D:6      | Reached skill level 5 in Invocations
  4061 | D:6      | Reached skill level 6 in Invocations
  4240 | D:6      | Reached ** piety under Cheibriados
  4267 | D:6      | Noticed Menkaure
  4280 | D:6      | Killed Menkaure
  4792 | D:6      | Reached skill level 7 in Invocations
  4872 | D:6      | Reached XP level 9. HP: 72/72 MP: 14/14
  5484 | D:7      | Reached skill level 5 in Unarmed Combat
  5498 | D:7      | Reached *** piety under Cheibriados
  5510 | D:7      | Reached skill level 8 in Invocations
  6201 | D:7      | Reached skill level 9 in Invocations
  6281 | D:7      | Reached **** piety under Cheibriados
  6816 | D:8      | Found a shimmering altar of Xom.
  7331 | D:9      | Gained mutation: You have very sharp fingernails. [demonic
                  | ancestry]
  7331 | D:9      | Reached XP level 10. HP: 82/82 MP: 17/17
  7659 | D:9      | Found a blossoming altar of Fedhas.
  7963 | D:9      | Reached skill level 10 in Invocations
  7977 | D:9      | Reached ***** piety under Cheibriados
  8387 | D:9      | Noticed a +0 dagger
  8389 | D:9      | Noticed a +0 spear
  8389 | D:9      | Noticed a +0 falchion
  8389 | D:9      | Noticed a +0 dagger
  8389 | D:9      | Noticed a +0 short sword
  8390 | D:9      | Noticed a +0 falchion
  8390 | D:9      | Noticed a +0 short sword
  8393 | D:9      | Noticed a +0 spear
  8401 | D:9      | Found a hide-covered altar of Uskayaw.
  8863 | D:10     | Entered Level 10 of the Dungeon
  8943 | D:10     | Noticed a two-headed ogre
  8964 | D:10     | Killed a two-headed ogre
  9138 | D:10     | Reached skill level 11 in Invocations
  9492 | D:10     | Reached skill level 10 in Fighting
 10158 | D:11     | Reached XP level 11. HP: 58/91 MP: 19/19
 10658 | D:11     | Found a staircase to the Lair.
 10797 | D:11     | Found a staircase to the Orcish Mines.
 10798 | D:11     | Found Dauch's Weapon Shoppe.
 10814 | D:11     | Reached skill level 12 in Invocations
 11306 | D:12     | Noticed Josephine
 11323 | D:12     | Killed Josephine
 11827 | D:12     | Noticed Jorgrun
 11830 | D:12     | Killed from afar by Jorgrun

Illustrated notes

Levels and vault maps discovered:
D:1:      dreamdust_arrival_sigmund_warning, layout_loops_ring
D:2:      layout_rooms
D:3:      layout_basic, mainiacjoe_overflow_surrounded_room,
          yredelemnul_altar_generic, dreamdust_ecumenical_altar_sealed_demon,
          uniq_sigmund
D:4:      layout_loops_ring, mainiacjoe_overflow_catwalk,
          nicolae_nh_ransacked_shop
D:5:      layout_rooms, mainiacjoe_overflow_alcove_2,
          mainiacjoe_overflow_concentric_impassable,
          minmay_temple_entry_gardened_gates, minmay_misc_feat_ornament
D:6:      layout_cave_pods, uniq_menkaure
D:7:      layout_basic, dk_rats_in_the_wall
D:8:      layout_basic, nicolae_overflow_hidden_temple,
          mainiacjoe_overflow_small_starburst
D:9:      layout_loops_corners, kennysheep_mini_moat, nicolae_uskayaw_en_pointe
D:10:     layout_loops_ring
D:11:     layout_long_grid, david_lair_generic, orc_david_3, fungi_pond_lemuel
D:12:     kennysheep_windowed_halls, layout_basic, uniq_snorg, uniq_jorgrun,
          uniq_josephine

Skill      XL: |  1  2  3  4  5  6  7  8  9 10 11 |
---------------+----------------------------------+-----
Throwing       | 2 |  2.0
Axes           | 3 4 |  4.7
Dodging        | 3 4 |  4.4
Fighting       | 3 4 5 7 8 10 11 | 11.0
Invocations    | 1 4 7 9 11 12 | 12.8
Unarmed Combat | 2 4 6 8 9 |  9.0

Action                     |  1- 3 |  4- 6 |  7- 9 | 10-12 || total
---------------------------+-------+-------+-------+-------++-------
  Melee: War axe           |   128 |   100 |   336 |   122 ||   686
         Punch             |     1 |     2 |    15 |    25 ||    43
         Unarmed           |       |       |       |   210 ||   210
  Throw: Throwing net      |       |       |     2 |       ||     2
 Invoke: Slouch            |       |       |       |     2 ||     2
    Use: Potion            |       |       |     5 |     2 ||     7
         Scroll            |       |       |       |    10 ||    10
   Stab: Distracted        |       |       |       |     1 ||     1
         Sleeping          |       |       |       |     1 ||     1
 Armour: Leather armour    |    14 |       |       |       ||    14
         Ring mail         |    60 |    56 |       |       ||   116
         Scale mail        |       |     1 |   316 |   274 ||   591
         Acid dragon scale |       |       |       |    19 ||    19
  Dodge: Dodged            |    73 |    65 |   361 |   264 ||   763
  Block: Other             |    17 |    19 |   103 |    91 ||   230
         Reflection        |       |     1 |     1 |     5 ||     7

Table legend: (Time is in decaauts)
 A = Elapsed time spent in this place.
 B = Non-inter-level travel time spent in this place.
 C = Inter-level travel time spent in this place.
 D = Time resting spent in this place.
 E = Time spent auto-exploring this place.
 F = Levels seen in this place.
 G = Mean time per level.
                   A        B        C        D        E       F      G
               +--------+--------+--------+--------+--------+-----+--------+
         Total |  15210 |  14741 |    469 |   2931 |   9507 |  12 | 1267.5 |
       Dungeon |  15210 |  14741 |    469 |   2931 |   9507 |  12 | 1267.5 |
               +--------+--------+--------+--------+--------+-----+--------+

Top non-repeatable levels by time:
     D:9: 2254 daAuts
     D:6: 1796 daAuts
    D:10: 1784 daAuts
    D:11: 1779 daAuts
     D:7: 1353 daAuts
     D:8: 1245 daAuts
     D:5: 1216 daAuts
     D:4: 997 daAuts
     D:3: 809 daAuts
     D:1: 749 daAuts
     D:2: 662 daAuts
    D:12: 562 daAuts
